 Dungeon Crawl Stone Soup version 0.25-a0-110-ge29c8f2358 (webtiles) character file.

Game seed: 15512074238011995500, levelgen mode: deterministic

145 DavidChitty2 the Conjurer (level 5, -2/28 HPs)
             Began as a Deep Elf Conjurer on Nov 19, 2019.
             Killed from afar by an orc wizard (7 damage)
             ... with a magic dart
             ... on level 3 of the Dungeon.
             The game lasted 00:03:19 (2143 turns).

DavidChitty2 the Conjurer (Deep Elf Conjurer)       Turns: 2143, Time: 00:03:19

Health: -2/28      AC:  2    Str:  5    XL:     5   Next: 6%
Magic:  0/13       EV: 14    Int: 21    God:
Gold:   113        SH:  0    Dex: 15    Spells: 9/12 levels left

rFire    . . .     SeeInvis .   a - +0 dagger
rCold    . . .     Gourm    .   (no shield)
rNeg     . . .     Faith    .   g - +0 robe
rPois    .         Spirit   .   (no helmet)
rElec    .         Reflect  .   (no cloak)
rCorr    .         Harm     .   (no gloves)
MR       .....                  (no boots)
Stlth    ++........             (no amulet)
HPRegen  0.09/turn              (no ring)
MPRegen  0.13/turn              (no ring)

@: no status effects
A: no striking features
a: no special abilities


You were on level 3 of the Dungeon.
You were not hungry.

You visited 1 branch of the dungeon, and saw 3 of its levels.

You collected 113 gold pieces.

Inventory:

Hand Weapons
 a - a +0 dagger (weapon)
   (You took it off a kobold on level 2 of the Dungeon)
Armour
 g - a +0 robe (worn)
Jewellery
 j - an uncursed ring of see invisible {unknown}
   (You found it on level 1 of the Dungeon)
Scrolls
 b - a scroll of fog {unknown}
 c - 3 scrolls of remove curse {unknown}
 d - a scroll of magic mapping {unknown}
 f - 4 scrolls of teleportation {unknown}
 i - a scroll of identify {unknown}
Potions
 h - a potion of flight {unknown}
 l - a potion of agility {unknown}
Comestibles
 e - 3 rations {!d}
 k - a chunk of flesh


   Skills:
 + Level 3.7 Dodging
 - Level 2.4 Stealth
 + Level 4.3 Spellcasting
 * Level 5.9 Conjurations


You had 9 spell levels left.
You knew the following spells:

 Your Spells              Type           Power        Failure   Level  Hunger
a - Magic Dart            Conj           ####         1%          1    None
s - Searing Ray           Conj           ####..       1%          2    #......

Your spell library contained the following spells:

 Spells                   Type           Power        Failure   Level  Hunger
 Iskenderun's Mystic Bla  Conj           ####....     10%         4    ####...
 Dazzling Spray           Conj/Hex       ###...       11%         3    ##.....
 Force Lance              Conj/Tloc      ###.....     34%         4    ####...
 Fulminant Prism          Conj/Hex       ###.......   34%         4    ####...


Dungeon Overview and Level Annotations

Branches:
Dungeon (3/15)

Altars:
Qazlal


Message History

An orc wizard comes into view. It is wielding a +0 dagger.
The orc wizard mumbles some strange words.
The orc wizard blinks!
Aim: an iguana The magic dart hits the iguana.
The orc wizard casts a spell.
The orc wizard flickers and vanishes!
Deactivating autopickup; reactivate with Ctrl-A.
Aim: an iguana (lightly wounded)
The searing ray hits the iguana but does no damage. (Press . to maintain the ray.)
The searing ray hits the iguana.
The searing ray hits the iguana!
You kill the iguana!
The searing ray hits the frilled lizard!
You kill the frilled lizard!
You finish channeling your searing ray.
You can't see any susceptible monsters within range! (Use Z to cast anyway.)
The searing ray hits something. (Press . to maintain the ray.)
The searing ray hits the orc wizard!
You hear some strange, mumbled words.
A puff of flame appears from out of thin air!
The puff of flame misses you.
The orc wizard casts a spell.
The orc wizard seems to speed up.
The searing ray hits something!
A magic dart appears from out of thin air!
The magic dart hits you.
The searing ray misses the orc wizard.
You finish channeling your searing ray.
The orc wizard gestures wildly while chanting.
The orc wizard blinks!
You hit something. Something hits you.
Aim: an orc wizard, wielding a +0 dagger and wearing a +0 robe (heavily wounded, fast)
The magic dart hits something.
Reactivating autopickup.
You have reached level 5!
You feel a bit more experienced. The orc wizard casts a spell at you.
The magic dart hits you.
* * * LOW HITPOINT WARNING * * *
The orc wizard casts a spell at you. The magic dart hits you!
* * * LOW HITPOINT WARNING * * *
Aim: an orc wizard, wielding a +0 dagger and wearing a +0 robe (heavily wounded, fast)
The magic dart hits the orc wizard.
The orc wizard points at you and mumbles some strange words.
The magic dart hits you!
You die...

###### .....# .....# .....# .
.....# ...
)....###################).o..
.....[.รท........@...).o......
.....###################....!
###### ###


You could see an orc wizard.

Vanquished Creatures
  2 orc wizards (D:3)
  An iguana (D:3)
  An adder (D:2)
  A worm (D:2)
  3 dart slugs (D:2)
  An orc (D:3)
  2 giant cockroaches
  8 hobgoblins
  3 jackals (D:1)
  A quokka (D:2)
  A ball python (D:2)
  7 bats
  7 frilled lizards
  2 goblins
  7 kobolds
  5 rats
52 creatures vanquished.

Notes
Turn   | Place    | Note
-------+----------+-------------------------------------------
     0 | D:1      | DavidChitty2 the Deep Elf Conjurer began the quest for the
                  | Orb.
     0 | D:1      | Reached XP level 1. HP: 10/10 MP: 6/6
   242 | D:1      | Reached XP level 2. HP: 15/15 MP: 5/8
   269 | D:1      | Learned a level 2 spell: Searing Ray
   959 | D:2      | Reached skill level 5 in Conjurations
  1032 | D:2      | Found a faded altar of an unknown god.
  1098 | D:2      | Reached XP level 3. HP: 19/19 MP: 6/9
  1379 | D:2      | Found a stormy altar of Qazlal.
  1920 | D:3      | Reached XP level 4. HP: 10/24 MP: 1/12
  2139 | D:3      | Reached XP level 5. HP: 16/28 MP: 0/13
  2143 | D:3      | Killed from afar by an orc wizard

Levels and vault maps discovered:
D:1:      minmay_arrival_radiant_lines, layout_basic, grunt_decor_mini_mirrors,
          minmay_tromino_mix6
D:2:      layout_basic, grunt_qazlal_clouds, chequers_ecumenical_altar_grove,
          serial_park_tiny_2
D:3:      layout_basic

Skill      XL: |  1  2  3 |
---------------+----------+-----
Conjurations   | 5 |  5.9
Dodging        | 3 |  3.7
Spellcasting   | 4 |  4.3
Stealth        | |  2.4

Action                   |  1- 3 |  4- 6 || total
-------------------------+-------+-------++-------
Melee: Dagger            |       |     1 ||     1
 Cast: Magic Dart        |    98 |     5 ||   103
       Searing Ray       |     2 |     2 ||     4
  Eat: Chunk             |     3 |     1 ||     4
Dodge: Dodged            |    13 |     1 ||    14

Table legend:
 A = Non-vault XP
 B = Vault XP
 C = Vault XP percentage of total XP
 D = Non-vault monster count
 E = Vault monster count
 F = Vault count percentage of total count
                 A         B        C        D         E       F
            +---------+---------+-------+---------+---------+-------
      Total |     203 |       5 |   2.4 |      48 |       4 |   7.7
            +---------+---------+-------+---------+---------+-------
        D:1 |      24 |       5 |  17.2 |      16 |       4 |  20.0
        D:2 |      63 |       0 |   0.0 |      26 |       0 |   0.0
        D:3 |     116 |       0 |   0.0 |       6 |       0 |   0.0
            +---------+---------+-------+---------+---------+-------
